Map: Tours du crépuscule

Players

pupu

  • Race: Protoss Protoss
  • League: Silver

MadMax - Winner!

  • Race: Protoss Protoss
  • League: Silver

VOD

Have the link to the VOD?

Description

Time

  • Played on: April 9, 2016, 3 a.m.
  • Length: 11:47
Show
View Real Time Build Order
Export as new Build Order

pupu Protoss 

Build Orders: 1 Gate Expand, Double Forge 

Get SALT Encoding   

  12  0:01  Probe (Chrono Boost)  
  13  0:11  Probe (Chrono Boost)  
  14  0:18  Pylon  
  14  0:22  Probe (Chrono Boost)  
  15  0:36  Probe (Chrono Boost)  
  15  0:38  Gateway  
  16  0:48  Probe (Chrono Boost)  
  17  0:58  Probe (Chrono Boost)  
  17  1:02  Assimilator  
  18  1:09  Probe (Chrono Boost)  
  19  1:22  Nexus  
  19  1:34  Cybernetics Core  
  19  1:38  Assimilator  
  19  1:39  Probe (Chrono Boost)  
  20  1:49  Probe (Chrono Boost)  
  21  2:00  Probe (Chrono Boost)  
  22  2:02  Pylon  
  21  2:10  Probe (Chrono Boost)  
  21  2:12  Warp Gate (Chrono Boost)  
  22  2:22  Probe  
  23  2:32  Pylon  
  23  2:34  Gateway  
  23  2:37  Gateway  
  23  2:42  Twilight Council  
  23  2:43  Probe  
  23  2:44  Probe  
  25  2:54  Stalker  
  25  2:55  Probe  
  25  2:56  Probe  
  29  3:05  Probe  
  30  3:13  Probe  
  31  3:22  Zealot  
  31  3:24  Zealot x2  
  31  3:25  Probe, Charge (Chrono Boost)  
  31  3:26  Probe  
  39  3:46  Gateway  
  39  3:50  Pylon  
  39  3:51  Probe  
  39  3:52  Probe  
  41  3:57  Pylon  
  41  4:03  Probe (Chrono Boost)  
  41  4:05  Probe (Chrono Boost)  
  43  4:19  Probe (Chrono Boost)  
  43  4:21  Probe (Chrono Boost)  
  43  4:22  Forge  
  43  4:23  Forge  
  45  4:25  Pylon  
  45  4:30  Gateway  
  45  4:31  Zealot  
  47  4:32  Zealot  
  47  4:36  Zealot  
  51  4:46  Pylon  
  51  4:48  Probe (Chrono Boost)  
  51  4:49  Probe (Chrono Boost)  
  53  4:55  Protoss Ground Weapons Level 1 (Chrono Boost)  
  53  4:57  Protoss Ground Armor Level 1 (Chrono Boost)  
  53  5:02  Probe x2  
  53  5:05  Zealot x3  
  57  5:18  Mothership Core  
  57  5:19  Stalker  
  58  5:29  Probe  
  58  5:31  Stalker x3  
  65  5:39  Probe  
  65  5:40  Photon Cannon  
  66  5:43  Photon Cannon  
  66  5:44  Stalker  
  64  5:50  Probe  
  64  5:51  Probe  
  66  5:58  Stalker x2  
  70  6:10  Pylon  
  70  6:11  Pylon  
  70  6:15  Pylon  
  70  6:28  Probe x2  
  70  6:30  Photon Cannon  
  72  6:34  Photon Cannon  
  72  6:37  Stalker x3  
  72  6:39  Pylon  
  62  6:41  Pylon  
  34  7:57  Probe  
  35  8:08  Nexus  
  35  8:09  Probe  
  35  8:10  Pylon x2  
  36  8:13  Pylon x3  
  36  8:15  Pylon  
  26  8:41  Cybernetics Core  
  26  8:45  Photon Cannon  
  26  8:47  Photon Cannon  
  25  8:49  Photon Cannon x2  
  25  8:50  Photon Cannon x3  
  25  8:52  Photon Cannon  
  25  8:54  Photon Cannon  
  15  8:56  Photon Cannon  
  15  9:19  Probe  
  16  9:42  Gateway  
  12  10:11  Probe  
  13  10:38  Stalker  
  13  11:03  Stalker  
Show
View Real Time Build Order
Export as new Build Order

MadMax Protoss - Winner!

Build Orders:  

Get SALT Encoding   

  12  0:01  Probe (Chrono Boost)  
  13  0:18  Probe (Chrono Boost)  
  14  0:23  Assimilator  
  14  0:29  Probe (Chrono Boost)  
  15  0:40  Pylon  
  15  0:51  Assimilator  
  15  0:59  Probe (Chrono Boost)  
  15  1:01  Gateway  
  16  1:10  Probe (Chrono Boost)  
  17  1:20  Probe (Chrono Boost)  
  18  1:27  Pylon  
  18  1:37  Pylon  
  18  1:41  Probe (Chrono Boost)  
  19  1:48  Cybernetics Core  
  19  2:09  Zealot (Chrono Boost)  
  21  2:16  Probe  
  22  2:26  Stargate  
  22  2:28  Stargate, Probe  
  23  2:40  Probe  
  24  3:03  Probe  
  25  3:10  Void Ray (Chrono Boost)  
  29  3:16  Protoss Air Weapons Level 1  
  33  3:28  Void Ray (Chrono Boost)  
  33  3:40  Pylon  
  33  3:49  Void Ray (Chrono Boost)  
  41  4:13  Void Ray (Chrono Boost)  
  41  4:15  Pylon  
  41  4:23  Zealot  
  43  4:35  Void Ray (Chrono Boost)  
  51  5:09  Void Ray (Chrono Boost)  
  49  5:32  Void Ray (Chrono Boost)  
  52  6:14  Nexus  
  52  6:16  Zealot (Chrono Boost)  
  26  9:13  Probe  
  28  9:34  Nexus  
  24  11:19  Probe  
  25  11:30  Probe  
Tags
 
Add a new tag
Caveats
  • Supply blocks, unpowered buildings, or Contaminate may cause inaccurate times.
  • Supply counts are checked every 10 seconds.